 Dungeon Sprint DCSS version 0.18-b1-16-g289874d (webtiles) character file.

37181 Kidiri the Unseen (level 12, -6/64 HPs)
             Began as a Spriggan Enchanter on May 1, 2016.
             Was the Champion of Dithmenos.
             Mangled by the 27-headed Lernaean hydra (18 damage)
             ... in the Dungeon (Sprint III: "The Ten Rune Challenge").
             The game lasted 00:12:39 (3163 turns).

Kidiri the Unseen (Spriggan Enchanter)              Turns: 3163, Time: 00:12:39

Health: -6/64      AC:  4    Str:  4    XL:     12   Next: 78%
Magic:  28/32      EV: 35    Int: 19    God:    Dithmenos [******]
Gold:   32         SH:  0    Dex: 21    Spells: 5 memorised, 29 levels left

rFire  + . .     SeeInvis +     a - +1 dagger
rCold  + . .     Gourm    .     m - +2 robe {rC+ rF+}
rNeg   . . .     Faith    .     (shield restricted)
rPois  .         Spirit   .     (helmet restricted)
rElec  .         Dismiss  .     (no cloak)
rCorr  .         Reflect  .     (gloves unavailable)
SustAt .         Harm     .     (boots unavailable)
MR     ++...     NoTele   +     (no amulet)
Stlth  +++++++++.               (no ring)
                                (no ring)

@: wreathed by umbra, very quick, very resistant to hostile enchantments,
incredibly stealthy
A: unfitting armour, antennae 1, thin skeletal structure 1, see invisible,
herbivore 3, speed 3, slow metabolism 2
a: Shadow Step, Shadow Form, Renounce Religion
}: 1/10 runes: barnacled


You were in the Dungeon.
You worshipped Dithmenos.
Dithmenos was exalted by your worship.
You were not hungry.

You visited 1 branch You collected 32 gold pieces.

Inventory:

Hand Weapons
 a - a +1 dagger (weapon)
Armour
 m - a +2 robe of resistance (worn)
Wands
 f - a wand of disintegration (15/24)
Scrolls
 i - 2 scrolls of torment
 j - a scroll of blinking
 l - 2 scrolls of recharging
 p - 2 scrolls of remove curse
Potions
 c - a potion of heal wounds
 e - 2 potions of curing
 g - a potion of haste
 h - a potion of brilliance {unknown}
 k - 2 potions of lignification
 o - 2 potions of flight
 q - a potion of cure mutation
 r - a potion of degeneration {unknown}
Comestibles
 d - 6 fruits
 n - 31 royal jellies


   Skills:
 + Level 7.8 Fighting
 * Level 14.0 Short Blades
 + Level 7.4 Armour
 * Level 17.4 Dodging
 * Level 19.1 Stealth
 * Level 15.3 Spellcasting
 + Level 6.9 Conjurations
 + Level 11.5 Hexes
 + Level 7.8 Ice Magic
 - Level 3.1 Invocations
 + Level 10.3 Evocations


You had 29 spell levels left.
You knew the following spells:

 Your Spells              Type           Power        Failure   Level  Hunger
a - Corona                Hex            ######.      1%          1    None
b - Ensorcelled Hibernat  Hex/Ice        ######       1%          2    None
c - Confuse               Hex            ######..     1%          3    None
d - Tukima's Dance        Hex            ######..     1%          3    None
e - Dazzling Spray        Conj/Hex       #####...     1%          3    None


Dungeon Overview and Level Annotations

Branches:
Dungeon (1/1)

Altars:
Cheibriados
Dithmenos
Elyvilon
Fedhas
Gozag
Kikubaaqudgha
Makhleb
Nemelex Xobeh
Okawaru
Pakellas
Qazlal
Ru
Sif Muna
Trog
Vehumet
Xom
Yredelemnul
Zin
The Shining One
Jiyva
Lugonu

Shops:
D [%}(}%

Annotations:
D Lernaean hydra


Innate Abilities, Weirdness & Mutations

You are tiny and cannot use many weapons and most armour.
You have supernaturally acute eyesight.
You are a herbivore.
You cover ground extremely quickly.
You need consume almost no food.
You have a pair of small antennae on your head.
You have a somewhat thin skeletal structure (Dex +2, Stealth).


Message History

The 27-headed Lernaean hydra bites you.
The 27-headed Lernaean hydra completely misses you.
The 27-headed Lernaean hydra barely misses you.
The 27-headed Lernaean hydra misses you.
The 27-headed Lernaean hydra closely misses you. x2
The 27-headed Lernaean hydra bites you!
The 27-headed Lernaean hydra misses you.
The 27-headed Lernaean hydra completely misses you.
The 27-headed Lernaean hydra bites you!
You emit a cloud of dark smoke.
The 27-headed Lernaean hydra misses you.
The 27-headed Lernaean hydra completely misses you. x3
The 27-headed Lernaean hydra barely misses you. x2
The 27-headed Lernaean hydra bites you!
The 27-headed Lernaean hydra bites you but does no damage.
The 27-headed Lernaean hydra bites you!
* * * LOW HITPOINT WARNING * * *
The 27-headed Lernaean hydra completely misses you. x2
The 27-headed Lernaean hydra misses you.
The 27-headed Lernaean hydra bites you!!
You die...

.....%.%..♣
♣..#.##...#≈≈...§§§
...########♣♣
♣♣.##.##.)#≈..+####
≈...........♣
♣♣.##.#####...#....
≈≈..........♣
♣.....##......#♣♣♣.
########'####
########+##########
#.♣♣ ▓(≈≈≈≈≈≈≈≈≈≈
#♣.♣ ▓≈≈≈≈≈≈≈≈≈≈≈
♣.♣♣ ######
▓≈≈≈..≈≈≈≈≈. ♣♣.♣
#.D@§# ▓≈≈....≈≈≈..
♣.♣♣ #.§§D#
▓≈≈≈..≈≈≈≈≈. ♣.♣♣
#≈..§# ▓≈≈≈≈≈≈≈≈≈≈.
♣..♣♣#.≈.##
▓≈≈≈≈≈≈≈≈≈≈≈
♣♣.♣♣.####♣♣
▓..≈≈≈≈≈≈≈≈≈
♣♣.♣♣....≈♣
▓...≈≈≈≈≈≈≈≈
♣♣≈.♣♣♣♣♣♣≈♣
▓.)..≈≈≈≈≈≈≈
♣.....§§§..♣
▓...≈≈≈≈≈≈≈.
♣...≈§§§§§≈♣
▓.≈≈≈≈≈≈≈≈≈.


You could see the 27-headed Lernaean hydra and an eight-headed hydra.

Vanquished Creatures
  Rupert (D)
  Polyphemus (D)
  Ilsuiw (D)
  Maud (D)
  A merfolk javelineer (D)
  Snorg (D)
  2 hydras (D)
  A centaur warrior (D)
  4 death yaks (D)
  A death drake (D)
  A sea snake (D)
  A spriggan druid (D)
  A swamp dragon (D)
  2 unseen horrors (D)
  A lindwurm (D)
  A deep elf mage (D)
  2 black mambas (D)
  2 spiny frogs (D)
  A rime drake (D)
  A komodo dragon (D)
  3 wandering mushrooms (D)
  2 giant leeches (D)
  A queen bee (D)
  8 blink frogs (D)
  A shadow (D)
  3 redbacks (D)
  2 spriggans (D)
  A spatial vortex (D)
  3 swamp drakes (D)
  A necrophage (D)
  2 centaurs (D)
  An earth elemental (D)
  A water elemental (D)
  A scorpion (D)
  31 killer bees (D)
  An electric eel (D)
  A jelly (D)
  A wizard (D)
  A necromancer (D)
  3 sheep (D)
  3 humans (D)
  A kobold demonologist (D)
  An ooze (D)
  3 rats (D)
  3 plants (D)
106 creatures vanquished.

Vanquished Creatures (others)
  2 draconian scorchers (D)
  2 yaktaurs (D)
  A killer bee (D)
  5 plants (D)
10 creatures vanquished.

Grand Total: 116 creatures vanquished

Notes
Turn   | Place    | Note
--------------------------------------------------------------
     0 | D        | Kidiri the Spriggan Enchanter began the quest for the Orb.
     0 | D        | Reached XP level 1. HP: 9/9 MP: 5/5
    65 | D        | Killed a yaktaur
   112 | D        | Noticed a scorpion
   198 | D        | Killed a white draconian scorcher
   256 | D        | Reached skill level 1 in Fighting
   256 | D        | Reached skill level 1 in Armour
   256 | D        | Reached skill level 5 in Stealth
   256 | D        | Reached XP level 2. HP: 14/14 MP: 5/8
   265 | D        | Learned a level 2 spell: Ensorcelled Hibernation
   280 | D        | Killed a white draconian scorcher
   351 | D        | Killed a scorpion
   351 | D        | Reached skill level 5 in Dodging
   351 | D        | Reached skill level 6 in Stealth
   351 | D        | Reached skill level 1 in Ice Magic
   351 | D        | Reached XP level 3. HP: 18/18 MP: 5/10
   351 | D        | Reached XP level 4. HP: 22/22 MP: 5/11
   358 | D        | Learned a level 3 spell: Confuse
   362 | D        | Learned a level 3 spell: Tukima's Dance
   366 | D        | Learned a level 3 spell: Dazzling Spray
   397 | D        | Killed a yaktaur
   438 | D        | Gained mutation: You have large cloven feet. [potion of mutation]
   438 | D        | Lost mutation: You have large cloven feet. [potion of mutation]
   438 | D        | Gained mutation: You have a somewhat thin skeletal structure (Dex +2, Stealth). [potion of mutation]
   439 | D        | Gained mutation: You have an increased reservoir of magic (+10% MP). [potion of mutation]
   439 | D        | Lost mutation: You have an increased reservoir of magic (+10% MP). [potion of mutation]
   439 | D        | Gained mutation: You have a pair of small antennae on your head. [potion of mutation]
   479 | D        | Noticed a water elemental
   482 | D        | Killed a water elemental
   482 | D        | Reached skill level 7 in Stealth
   482 | D        | Reached skill level 5 in Spellcasting
   492 | D        | Noticed a shadow
   494 | D        | Killed a shadow
   494 | D        | Reached skill level 5 in Short Blades
   494 | D        | Reached skill level 9 in Stealth
   494 | D        | Reached skill level 1 in Conjurations
   494 | D        | Reached skill level 5 in Hexes
   494 | D        | Reached XP level 5. HP: 27/27 MP: 13/15
   494 | D        | Reached XP level 6. HP: 32/32 MP: 13/16
   565 | D        | Found an oddly glowing altar of Pakellas.
   565 | D        | Found a stormy altar of Qazlal.
   566 | D        | Found a sacrificial altar of Ru.
   566 | D        | Found a burning altar of Makhleb.
   566 | D        | Found a viscous altar of Jiyva.
   566 | D        | Found a shimmering altar of Xom.
   566 | D        | Found a shadowy altar of Dithmenos.
   566 | D        | Found a sparkling altar of Nemelex Xobeh.
   566 | D        | Found a corrupted altar of Lugonu.
   566 | D        | Found an opulent altar of Gozag.
   566 | D        | Noticed a spatial vortex
   571 | D        | Became a worshipper of Dithmenos the Shadowed
   742 | D        | Killed a spatial vortex
   742 | D        | Reached skill level 1 in Invocations
   827 | D        | Found a radiant altar of Vehumet.
   828 | D        | Found a deep blue altar of Sif Muna.
   828 | D        | Found an ancient bone altar of Kikubaaqudgha.
   831 | D        | Reached * piety under Dithmenos
   831 | D        | Reached skill level 10 in Stealth
   849 | D        | Found a glowing silver altar of Zin.
   850 | D        | Found a glowing golden altar of the Shining One.
   850 | D        | Found a white marble altar of Elyvilon.
   850 | D        | Noticed a deep elf mage
   852 | D        | Killed a deep elf mage
   852 | D        | Reached skill level 10 in Dodging
   852 | D        | Reached skill level 11 in Stealth
   852 | D        | Reached XP level 7. HP: 37/37 MP: 18/20
   863 | D        | Found an iron altar of Okawaru.
   864 | D        | Found a bloodstained altar of Trog.
   864 | D        | Noticed a human
   864 | D        | Noticed a human
   876 | D        | Killed a human
   876 | D        | Reached ** piety under Dithmenos
   876 | D        | Reached XP level 8. HP: 35/42 MP: 12/21
   938 | D        | Found a basalt altar of Yredelemnul.
   938 | D        | Found a snail-covered altar of Cheibriados.
   938 | D        | Found a blossoming altar of Fedhas.
   970 | D        | Noticed Snorg
   972 | D        | Killed Snorg
   972 | D        | Reached *** piety under Dithmenos
   972 | D        | Reached skill level 12 in Stealth
   972 | D        | Reached XP level 9. HP: 46/46 MP: 23/23
   981 | D        | Reached skill level 10 in Spellcasting
  1008 | D        | Noticed a centaur warrior
  1010 | D        | Killed a centaur warrior
  1010 | D        | Reached skill level 13 in Stealth
  1041 | D        | Noticed an unseen horror
  1041 | D        | Noticed an unseen horror
  1042 | D        | Killed an unseen horror
  1042 | D        | Reached skill level 5 in Fighting
  1044 | D        | Killed an unseen horror
  1044 | D        | Reached skill level 10 in Short Blades
  1044 | D        | Reached skill level 5 in Ice Magic
  1044 | D        | Reached skill level 5 in Evocations
  1054 | D        | Noticed a queen bee
  1056 | D        | Reached **** piety under Dithmenos
  1062 | D        | Reached XP level 10. HP: 51/51 MP: 18/26
  1064 | D        | Reached skill level 14 in Stealth
  1082 | D        | Reached ***** piety under Dithmenos
  1085 | D        | Reached skill level 5 in Armour
  1279 | D        | Reached ****** piety under Dithmenos
  1667 | D        | Reached skill level 15 in Stealth
  1710 | D        | Noticed a spiny frog
  1710 | D        | Noticed a spiny frog
  1714 | D        | Killed a spiny frog
  1716 | D        | Killed a spiny frog
  1756 | D        | Reached skill level 5 in Conjurations
  1775 | D        | Noticed a lindwurm
  1778 | D        | Killed a lindwurm
  1778 | D        | Reached XP level 11. HP: 56/56 MP: 17/28
  1831 | D        | Noticed Maud
  1833 | D        | Killed Maud
  1833 | D        | Reached skill level 16 in Stealth
  1838 | D        | Noticed a four-headed hydra
  1838 | D        | Noticed an eight-headed hydra
  1852 | D        | Killed an eight-headed hydra
  1879 | D        | Killed a four-headed hydra
  1879 | D        | Reached skill level 15 in Dodging
  1879 | D        | Reached skill level 10 in Hexes
  1955 | D        | Noticed a death drake
  1957 | D        | Killed a death drake
  1967 | D        | Found a blossoming altar of Fedhas.
  1967 | D        | Noticed a spriggan druid
  1969 | D        | Killed a spriggan druid
  2105 | D        | Noticed Polyphemus
  2106 | D        | Noticed Ilsuiw
  2130 | D        | Killed Polyphemus
  2130 | D        | Reached skill level 17 in Stealth
  2176 | D        | Killed Ilsuiw
  2194 | D        | Found Legetzai's Antique Weapon Emporium.
  2194 | D        | Found Hasos's Gadget Shop.
  2194 | D        | Found Hocee's Food Shoppe.
  2194 | D        | Noticed a sea snake
  2194 | D        | Noticed a merfolk javelineer
  2196 | D        | Killed a sea snake
  2196 | D        | Reached XP level 12. HP: 63/63 MP: 25/31
  2203 | D        | Killed a merfolk javelineer
  2216 | D        | Got a barnacled rune of Zot
  2324 | D        | Reached skill level 18 in Stealth
  2409 | D        | Noticed Rupert
  2414 | D        | Killed Rupert
  2435 | D        | Noticed a death yak
  2436 | D        | Noticed a death yak
  2440 | D        | Noticed a death yak
  2441 | D        | Noticed a death yak
  2447 | D        | Killed a death yak
  2568 | D        | Killed a death yak
  2568 | D        | Reached skill level 15 in Spellcasting
  2573 | D        | Killed a death yak
  2573 | D        | Reached skill level 10 in Evocations
  2720 | D        | Killed a death yak
  2769 | D        | Reached skill level 19 in Stealth
  2771 | D        | Noticed an azure jelly
  2771 | D        | Noticed an azure jelly
  2971 | D        | Found Nugijong's Antique Armour Shoppe.
  2971 | D        | Found Zatremou's Food Boutique.
  2974 | D        | Found Bolumyer's Gadget Emporium.
  3161 | D        | Noticed an eight-headed hydra
  3161 | D        | Noticed the 27-headed Lernaean hydra
  3163 | D        | Mangled by the 27-headed Lernaean hydra

Skill      XL: |  1  2  3  4  5  6  7  8  9 10 11 12 |
---------------+-------------------------------------+-----
Spellcasting   | 4 6 8 9 11 12 14 15 | 15.3
Short Blades   | 2 3 5 7 8 10 11 13 14 | 14.0
Fighting       | 1 2 3 4 5 6 7 |  7.8
Armour         | 1 2 3 4 5 6 7 |  7.4
Dodging        | 4 5 8 10 11 12 14 16 17 | 17.4
Stealth        | 5 6 9 11 12 13 15 17 19 | 19.1
Hexes          | 4 5 6 7 8 9 10 11 | 11.5
Ice Magic      | 1 2 3 4 5 7 |  7.8
Conjurations   | 1 2 3 4 5 6 |  6.9
Invocations    | 2 3 |  3.1
Evocations     | 2 5 7 9 10 | 10.3

Action                   |  1- 3 |  4- 6 |  7- 9 | 10-12 || total
-------------------------+-------+-------+-------+-------++-------
Melee: Dagger            |    15 |    12 |    22 |   506 ||   555
 Cast: Corona            |     1 |       |       |       ||     1
       Ensorcelled Hiber |     9 |     3 |     4 |    72 ||    88
       Dazzling Spray    |       |    10 |     1 |    20 ||    31
       Confuse           |       |       |     3 |     4 ||     7
Invok: Shadow Step       |       |       |     2 |    16 ||    18
  Use: Potion            |     3 |     3 |       |       ||     6
       Scroll            |       |     4 |       |       ||     4
 Stab: Sleeping          |     3 |     6 |     9 |    67 ||    85
       Invisible         |       |       |     2 |     6 ||     8
       Confused          |       |       |     1 |     3 ||     4
       Distracted        |       |       |       |     1 ||     1
  Eat: Bread ration      |       |       |       |     1 ||     1
Armor: Robe              |     1 |     1 |       |     2 ||     4
Dodge: Dodged            |     8 |     6 |    15 |   134 ||   163
